 Dungeon Crawl Stone Soup version 0.31-a0-924-ge39a22a033 (webtiles) character file.

Game seed: 11830148969112048240

17592 BinkBink the Covert (level 12, 0/56 HPs)
             Began as a Spriggan Hunter on Oct 18, 2023.
             Was a Priest of Hepliaklqana.
             Slain by a troll (11 damage)
             ... on level 1 of the Orcish Mines.
             The game lasted 00:27:50 (13724 turns).

BinkBink the Covert (Spriggan Hunter)              Turns: 13724, Time: 00:27:51

Health: 0/56       AC:  4    Str: 13    XL:     12   Next: 20%
Magic:  13/13      EV: 29    Int: 10    God:    Hepliaklqana [***...]
Gold:   856        SH:  0    Dex: 24    Spells: 11/11 levels left

rFire   . . .        K - +0 arbalest (heavy)
rCold   . . .        (shield currently unavailable)
rNeg    . . .        q - +2 animal skin
rPois   .            (helmet currently unavailable)
rElec   .            (cloak currently unavailable)
rCorr   .            (gloves unavailable)
SInv    +            (boots unavailable)
Will    ++...        (no amulet)
Stlth   ++++++       u - ring of flight
HPRegen 0.29/turn    E - +6 ring of strength
MPRegen 0.13/turn

%: no passive effects
@: beast-form, flying, very quick
A: beast (slay +4), reduced essence, very small, no large weapons, unfitting
armour, see invisible, speed 3
a: Begin Untransformation, Renounce Religion, Recall Ancestor, Ancestor
Identity, Transference


You were on level 1 of the Orcish Mines.
You worshipped Hepliaklqana.
Hepliaklqana was most pleased with you.
You were a hulking beast.
You visited 2 branches of the dungeon, and saw 14 of its levels.

You collected 856 gold pieces.

Inventory:

Hand Weapons
 a - a +0 shortbow
 p - a +1 short sword of venom
 A - a +2 dagger of speed
 K - a +0 heavy arbalest (weapon)
Missiles
 s - 3 throwing nets
Armour
 q - a +2 animal skin (worn)
 L - +1 acid dragon scales
 P - a +0 cloak of stealth
Jewellery
 h - a ring of poison resistance
 u - a ring of flight (left hand)
 E - a +6 ring of strength (right hand)
 N - a +6 ring of intelligence
Talismans
 e - a beast talisman (active)
Wands
 r - a wand of paralysis (35)
 B - a wand of flame (39)
 H - a wand of roots (3)
 I - a wand of polymorph (9)
Scrolls
 b - 3 scrolls of butterflies
 d - a scroll of fog
 f - a scroll of silence
 g - 3 scrolls of amnesia
 i - 2 scrolls of fear
 m - a scroll of torment
 n - 4 scrolls of revelation
 y - 4 scrolls of immolation
 D - 3 scrolls of teleportation
 F - a scroll of identify
 G - a scroll of enchant armour
Potions
 c - 2 potions of magic
 j - 3 potions of lignification
 k - 7 potions of curing
 l - 4 potions of enlightenment
 o - 2 potions of heal wounds
 t - 2 potions of resistance
 v - a potion of haste
 w - 2 potions of invisibility
 x - 2 potions of attraction
 z - 3 potions of mutation
 C - 2 potions of might
 M - a potion of ambrosia
 O - a potion of degeneration


   Skills:
 + Level 7.5 Fighting
 * Level 13.0 Ranged Weapons
 + Level 11.6 Dodging
 + Level 13.2 Stealth
 - Level 7.0 Shapeshifting


You had 11 spell levels left.
You didn't know any spells.
Your spell library contained the following spells:

 Spells                   Type           Power      Damage    Failure   Level
 Magic Dart               Conj           0%         1d3       36%         1
 Cigotuvi's Dreadful Rot  Necr/Pois/Air  0%         N/A       50%         2
 Searing Ray              Conj           0%         2d4       50%         2
 Call Canine Familiar     Summ           0%         N/A       75%         3
 Hailstorm                Conj/Ice       0%         3d3       75%         3
 Ignite Poison            Fire/Tmut/Pois 0%         N/A       75%         3
 Ozocubu's Armour         Ice            0%         N/A       75%         3
 Sigil of Binding         Hex            0%         N/A       75%         3
 Dimensional Bullseye     Hex/Tloc       0%         N/A       98%         4
 Fulminant Prism          Conj/Hex       0%         3d5       98%         4
 Leda's Liquefaction      Hex/Erth       0%         N/A       98%         4
 Manifold Assault         Tloc           0%         N/A       98%         4
 Sticky Flame             Conj/Fire      0%         2d3       98%         4
 Summon Ice Beast         Ice/Summ       0%         N/A       98%         4
 Freezing Cloud           Conj/Ice/Air   0%         6-21      100%        5
 Dispersal                Tloc           0%         N/A       100%        6
 Simulacrum               Ice/Necr       0%         N/A       100%        6
 Ozocubu's Refrigeration  Ice            0%         4d7       100%        7
 Disjunction              Tloc           0%         N/A       100%        8
 Ignition                 Fire           0%         3d3       100%        8


Dungeon Overview and Level Annotations

Branches:
Dungeon (13/15)            Temple (0/1) D:6            Lair (0/5) D:10
    Orc (1/2) D:11
 Vaults: D:13-14

Altars:
Ashenzari
Elyvilon
Gozag
Hepliaklqana
Kikubaaqudgha
Qazlal
Ru
Uskayaw
Vehumet
Xom

Shops:
D:2 =   D:4 !   Orc:1 (


Innate Abilities, Weirdness & Mutations

You are a hulking beast.
Your limbs bulge with bestial killing power. (Slay +4)
Your life essence is reduced to manifest your ancestor. (-10% HP)
You are very small and have problems with some larger weapons.
You are too small for most types of armour.
You have supernaturally acute eyesight. (SInv)
You cover ground extremely quickly. (Speed+++)


Message History

Tochtli is destroyed!
An orc comes into view. It is wielding a +0 club.
The orc warrior shoots an arrow.
The arrow completely misses you.
The orc knight roars a battlecry!
The orc warrior goes into a battle-frenzy!
You hear a shout!
You shoot a bolt. The orc shouts!
The bolt hits the orc warrior!!
You kill the orc warrior!
You hear a shout! x2
The orc knight roars a battlecry!
The orc warrior goes into a battle-frenzy!
You hear a shout!
You shoot a bolt. The bolt hits the orc knight!!!
You kill the orc knight!
The orc warrior no longer looks unusually strong.
The orc knight shoots a bolt.
The bolt barely misses you.
The orc knight shoots a bolt.
The bolt misses you.
Your Ranged Weapons skill increases to level 13!
The orc knight shoots a bolt.
The bolt hits you.
You fly upwards.
Welcome back to the Dungeon!
There is a staircase to the Orcish Mines here.
Tochtli emerges from the mists of memory!
HP restored.
Done exploring.
You fly downwards.
Welcome back to the Orcish Mines!
The orc warrior completely misses you. The troll bites you!
The troll completely misses you. x2; The troll closely misses you.
The troll barely misses you. The troll completely misses you.
The orc hits Tochtli but does no damage.
The orc warrior hits you with a +0 scimitar.
The orc completely misses you.
There is a staircase back to the Dungeon, spattered with blood here.
The orc warrior barely misses you. The orc misses you.
The orc barely misses Tochtli.
The troll completely misses you. The troll misses you. The troll claws you!
The troll bites you!
* * * LOW HITPOINT WARNING * * *
The troll claws you!
You die...

#...... ...#......
..........
.....#..#
##..#...##
##...#..o.##
###......TR..##
##.##....oTho..##
#...#.#...oo....#
#.......[......##
#.....oo.....[....
##.....#..........
#....###.........
##....#......#..#
##......#......#
#........#..#.##


You could see the friendly Tochtli the knight, an orc knight, 2 trolls, 3 orc
warriors and 3 orcs.

Vanquished Creatures
  Harold (D:11)
  3 two-headed ogres
  Erica (D:10)
  2 orc knights (Orc:1)
  2 ugly things
  Maurice (D:12)
  A cyclops (D:12)
  A manticore (D:11)
  A kobold demonologist (D:10)
  5 trolls
  A hornet (D:9)
  A slime creature (D:12)
  2 shadows
  A wraith (D:11)
  A vampire (D:9)
  11 yaks
  3 wyverns
  Grum (D:11)
  2 basilisks (D:10)
  5 vampire mosquitoes
  2 steam dragons (D:7)
  2 acid dragons
  2 water moccasins
  A swamp drake (D:10)
  8 orc warriors
  A sky beast (D:8)
  5 ogres
  A black bear (D:8)
  3 wolves (D:11)
  5 centaurs
  4 kobold brigands
  4 bullfrogs
  5 gnoll sergeants
  4 wights (D:9)
  3 killer bees (D:11)
  5 howler monkeys
  4 hounds
  6 jellies
  2 orc priests
  3 iguanas
  Terence (D:2)
  8 orc wizards
  Robin (D:2)
  11 adders
  12 gnolls
  A white imp (D:5)
  2 ufetubi (D:6)
  2 worms (D:2)
  2 dart slugs
  36 orcs
  5 bats
  11 endoplasms
  4 giant cockroaches
  12 goblins
  9 hobgoblins
  4 quokkas
  6 ball pythons
  3 frilled lizards
  24 kobolds
  6 rats
276 creatures vanquished.

Vanquished Creatures (collateral kills)
  A deep elf pyromancer (D:12)
  An unseen horror (D:12)
  A komodo dragon (D:10)
  A yak (D:10)
  A vampire mosquito (D:12)
  An orc warrior (Orc:1)
  An ogre (D:11)
  A howler monkey (D:10)
  A lava snake (D:11)
  3 orc wizards
  4 orcs
  A kobold (D:7)
17 creatures vanquished.

Vanquished Creatures (others)
  3 knights
  A quokka (D:10)
4 creatures vanquished.

Grand Total: 297 creatures vanquished

Notes
Turn   | Place    | Note
-------+----------+-------------------------------------------
     0 | D:1      | BinkBink the Spriggan Hunter began the quest for the Orb.
     0 | D:1      | Reached XP level 1. HP: 10/10 MP: 2/2
     3 | D:1      | You fall into a shaft and drop 1 floor!
    33 | D:2      | Reached XP level 2. HP: 15/15 MP: 3/3
    73 | D:2      | Found a shimmering altar of Xom.
   158 | D:1      | Noticed a shining eye
   164 | D:1      | Noticed a shining eye
   172 | D:1      | Found a faded altar of an unknown god.
   191 | D:1      | Noticed a golden eye
   192 | D:1      | Noticed a great orb of eyes
   244 | D:1      | Reached XP level 3. HP: 18/18 MP: 4/4
  1080 | D:2      | Noticed Terence
  1183 | D:2      | Killed Terence
  1184 | D:2      | Reached skill level 1 in Shapeshifting
  1184 | D:2      | Reached XP level 4. HP: 23/23 MP: 5/5
  1313 | D:2      | Found Resmipli's Jewellery Shoppe.
  1357 | D:2      | Noticed Robin
  1393 | D:2      | Killed Robin
  1823 | D:3      | Reached skill level 5 in Ranged Weapons
  1856 | D:3      | Reached XP level 5. HP: 22/26 MP: 6/6
  2354 | D:4      | Found a broken altar of Ashenzari.
  2355 | D:4      | Found an ancient bone altar of Kikubaaqudgha.
  2358 | D:4      | Identified the +8 mace of Zededotutz {elec, rElec rF+}
  2892 | D:4      | Found an opulent altar of Gozag.
  2923 | D:4      | Found Sixaski's Distillery.
  3003 | D:4      | Found a sacrificial altar of Ru.
  3080 | D:4      | Reached XP level 6. HP: 32/32 MP: 7/7
  3299 | D:5      | Entered Level 5 of the Dungeon
  3412 | D:5      | Found a hide-covered altar of Uskayaw.
  3579 | D:5      | Noticed a water moccasin
  3724 | D:5      | Killed a water moccasin
  3879 | D:5      | Reached XP level 7. HP: 35/35 MP: 8/8
  3898 | D:5      | Reached skill level 5 in Stealth
  3962 | D:5      | Reached skill level 5 in Dodging
  5043 | D:6      | Found a hazy altar of Hepliaklqana.
  5048 | D:6      | Became a worshipper of Hepliaklqana the Forgotten
  5243 | D:6      | Reached XP level 8. HP: 35/40 MP: 9/9
  5280 | D:6      | Found a staircase to the Ecumenical Temple.
  6238 | D:7      | Found a radiant altar of Vehumet.
  6823 | D:7      | Reached * piety under Hepliaklqana
  7171 | D:7      | Reached skill level 5 in Shapeshifting
  8450 | D:8      | Reached XP level 9. HP: 34/40 MP: 10/10
  8567 | D:8      | Reached ** piety under Hepliaklqana
  9335 | D:8      | Reached skill level 5 in Fighting
  9463 | D:9      | Reached XP level 10. HP: 39/45 MP: 11/11
  9593 | D:9      | Paralysed by a hornet for 1 turns
 10153 | D:9      | Noticed a two-headed ogre
 10174 | D:9      | Killed a two-headed ogre
 10175 | D:9      | Reached skill level 10 in Ranged Weapons
 10249 | D:9      | Found a stormy altar of Qazlal.
 10510 | D:9      | Remembered your ancestor Tochtli as a knight
 10551 | D:10     | Entered Level 10 of the Dungeon
 10576 | D:10     | Found a white marble altar of Elyvilon.
 10685 | D:10     | Noticed Erica
 10694 | D:10     | Reached skill level 10 in Stealth
 10698 | D:10     | Killed Erica
 11039 | D:10     | Found a staircase to the Lair.
 11412 | D:10     | Noticed a sixfirhy
 11435 | D:10     | Noticed a rust devil
 11508 | D:10     | Reached *** piety under Hepliaklqana
 11935 | D:11     | Noticed a manticore
 11937 | D:11     | Killed a manticore
 11938 | D:11     | Reached XP level 11. HP: 50/50 MP: 12/12
 11980 | D:11     | Noticed a two-headed ogre
 11983 | D:11     | Killed a two-headed ogre
 11984 | D:11     | Reached skill level 10 in Dodging
 12035 | D:11     | Noticed Grum
 12043 | D:11     | Killed Grum
 12043 | D:11     | Noticed a two-headed ogre
 12047 | D:11     | Killed a two-headed ogre
 12099 | D:11     | Noticed a purple ugly thing
 12109 | D:11     | Killed a purple ugly thing
 12200 | D:11     | Found a staircase to the Orcish Mines.
 12426 | D:11     | Noticed Harold
 12445 | D:11     | Killed Harold
 12904 | D:12     | Noticed a deep elf pyromancer
 12907 | D:12     | Killed a deep elf pyromancer
 13069 | D:12     | Noticed a cyan ugly thing
 13073 | D:12     | Killed a cyan ugly thing
 13335 | D:12     | Noticed Maurice
 13352 | D:12     | Killed Maurice
 13353 | D:12     | Reached XP level 12. HP: 56/56 MP: 13/13
 13566 | Orc:1    | Entered Level 1 of the Orcish Mines
 13621 | Orc:1    | Found Kihobb's Antique Weapon Emporium.
 13724 | Orc:1    | Slain by a troll

Illustrated notes

Levels and vault maps discovered:
D:1:      minmay_arrival_stair_chambers, layout_basic,
          hellmonk_ecumenical_altar_watching_god
D:2:      layout_rooms, basic_altar, serial_shops, nicolae_lakefront_shop,
          uniq_robin, uniq_terence
D:3:      layout_rooms, dk_vineyard_3, minmay_cupped
D:4:      minmay_chambers_of_twos, layout_basic, nicolae_ru_path_of_blood,
          grunt_gozag_breadcrumbs, mainiacjoe_overflow_divided_tiny,
          serial_shops, nicolae_shop_window_shopping
D:5:      layout_loops_corners, mainiacjoe_overflow_paths
D:6:      layout_loops_corners, worldfamousw_hep_ancestral_shrine,
          minmay_temple_entry_antechambers
D:7:      layout_layer_cave, vehumet_altar_wand_db, minmay_hedge_maze,
          st_stairs_11
D:8:      layout_rooms, minivault_23
D:9:      layout_basic, nicolae_qazlal_style_of_elements
D:10:     layout_long_grid, elyvilon_altar_4, erik_lair_dragon, st_stairs_1,
          uniq_erica
D:11:     layout_loops_ring, kennysheep_orc_monster_closet_entryway,
          kennysheep_generic_room_7, uniq_grum, uniq_harold
D:12:     layout_basic, uniq_maurice
D:13:     layout_irregular_city, kennysheep_another_room, st_stairs_11
Orc:1:    layout_caves, special_room [special_room_orc], serial_shops, shop

Skill      XL: |  1  2  3  4  5  6  7  8  9 10 11 12 |
---------------+-------------------------------------+-----
Dodging        | 3 4 5 6 8 9 11 | 11.6
Stealth        | 2 3 4 5 7 9 11 12 13 | 13.2
Fighting       | 2 3 4 5 6 7 |  7.5
Shapeshifting  | 1 2 3 4 5 6 7 |  7.0
Ranged Weapons | 5 6 8 9 11 12 13 | 13.0

Action                     |  1- 3 |  4- 6 |  7- 9 | 10-12 || total
---------------------------+-------+-------+-------+-------++-------
   Fire: Shortbow          |    84 |   200 |   362 |       ||   646
         Arbalest          |       |       |    39 |   269 ||   308
 Invoke: Recall Ancestor   |       |       |       |     4 ||     4
         Ancestor Life: Kn |       |       |       |     1 ||     1
    Use: Scroll            |       |     6 |     4 |    17 ||    27
         Potion            |       |       |     1 |       ||     1
 Armour: Robe              |     7 |       |       |       ||     7
         Animal skin       |       |    12 |    58 |    39 ||   109
  Dodge: Dodged            |    30 |    32 |   164 |   142 ||   368
   Form: Beast             |     1 |       |       |       ||     1

Table legend: (Time is in decaauts)
 A = Elapsed time spent in this place.
 B = Non-inter-level travel time spent in this place.
 C = Inter-level travel time spent in this place.
 D = Time resting spent in this place.
 E = Time spent auto-exploring this place.
 F = Levels seen in this place.
 G = Mean time per level.
                   A        B        C        D        E       F      G
               +--------+--------+--------+--------+--------+-----+--------+
         Total |  10420 |  10033 |    387 |   2429 |   5310 |  14 |  744.3 |
       Dungeon |  10326 |   9940 |    386 |   2429 |   5274 |  13 |  794.3 |
  Orcish Mines |     93 |     93 |      0 |      0 |     36 |   1 |   93.0 |
               +--------+--------+--------+--------+--------+-----+--------+

Top non-repeatable levels by time:
     D:7: 1718 daAuts
     D:5: 1150 daAuts
     D:6: 1121 daAuts
    D:10: 1118 daAuts
     D:9: 1039 daAuts
    D:11: 895 daAuts
     D:4: 763 daAuts
     D:2: 558 daAuts
     D:8: 554 daAuts
     D:1: 533 daAuts
    D:12: 448 daAuts
     D:3: 418 daAuts
   Orc:1: 93 daAuts
    D:13: 5 daAuts
